[Event "*** Titled Tuesday Blitz"]
[Site "Chess.com"]
[Date "2021.02.02"]
[Round "5"]
[White "jefferyx"]
[Black "Tartody"]
[Result "1-0"]
[WhiteElo "2963"]
[BlackElo "2639"]
[TimeControl "180+1"]
[EndTime "10:56:09 PST"]
[Termination "jefferyx won by resignation"]

1. e4 c6 2. d4 g6 3. f3 Bg7 4. Be3 d6 5. Nc3 e5 6. Nge2 Nd7 7. Qd2 Ngf6 8. O-O-O O-O 9. Bh6 b5 10. h4 b4 11. Nb1 Nb6 12. Bxg7 Kxg7 13. dxe5 Nfd7 14.
exd6 c5 15. h5 g5 16. Ng3 Ne5 17. Qe3 Be6 18. h6+ Kh8 19. Qxc5 f6 20. Qxb4 Rb8 21.
Qd4 Qd7 22. Nc3 Qb7 23. Nh5 Nbc4 24. b3 Nc6 25. Qc5 Rfc8 26. d7 Bxd7 27. Bxc4 Ne5 28. Qe7 1-0

[Event "*** Titled Tuesday Blitz"]
[Site "Chess.com"]
[Date "2021.02.02"]
[Round "5"]
[White "dianamirza"]
[Black "FearNoEvil12"]
[Result "0-1"]
[WhiteElo "1916"]
[BlackElo "2198"]
[TimeControl "180+1"]
[EndTime "10:56:09 PST"]
[Termination "FearNoEvil12 won by resignation"]

1. e4 a6 2. d4 b5 3. Nf3 Bb7 4. Bd3 e6 5. O-O Nf6 6. Re1 d6 7. c3 Nbd7 8. Bg5 h6 9. Bh4 g5 10. Bg3 Rg8 11. h3 h5 12. e5 Nd5 13. Nbd2 g4 14.
hxg4 hxg4 15. Nh2 dxe5 16. Bxe5 Nxe5 17. Rxe5 Bd6 18. Rh5 Nf4 19. Bh7 Rh8 20. Rh4 Qxh4 0-1

[Event "*** Titled Tuesday Blitz"]
[Site "Chess.com"]
[Date "2021.02.02"]
[Round "5"]
[White "Vanina1989"]
[Black "TeukkaSalama"]
[Result "1-0"]
[WhiteElo "2692"]
[BlackElo "2377"]
[TimeControl "180+1"]
[EndTime "10:56:21 PST"]
[Termination "Vanina1989 won by resignation"]

1. d4 d6 2. c4 Nf6 3. Nc3 Nbd7 4. Nf3 e5 5. e4 Be7 6. Be2 O-O 7. O-O c6 8. h3 a6 9. a4 a5 10. Be3 exd4 11. Nxd4 Nc5 12. Qc2 Re8 13. Rad1 Qc7 14. Bf4 Qb6 15. Rfe1 Bf8 16. Bf1 Bd7 17. e5 dxe5 18.
Bxe5 Be7 19. Nf5 Bxf5 20. Qxf5 Ne6 21. Bd3 g6 22. Qf3 Nd7 23. Bxg6 Nxe5 24. Bxh7+ Kxh7 25.
Rxe5 Rad8 26. Qxf7+ 1-0

[Event "*** Titled Tuesday Blitz"]
[Site "Chess.com"]
[Date "2021.02.02"]
[Round "5"]
[White "MilosJi"]
[Black "Bastiandash"]
[Result "1-0"]
[WhiteElo "2653"]
[BlackElo "2474"]
[TimeControl "180+1"]
[EndTime "10:56:23 PST"]
[Termination "MilosJi won by resignation"]

1. Nf3 d5 2. c4 e6 3. g3 Nf6 4.
Bg2 a6 5. b3 Be7 6. O-O O-O 7.
Bb2 b6 8. cxd5 exd5 9. d4 Bb7 10. Nc3 Bd6 11. Rc1 Qe7 12. e3 Nbd7 13. Rc2 Rac8 14.
Qe2 Rfe8 15. Rfc1 g6 16. Qd1 Ne4 17. Ne1 f5 18. Nd3 c6 19. Na4 Bc7 20. Bc3 Nxc3 21.
Rxc3 Nf6 22. R3c2 Nd7 23. Bxd5+ cxd5 24. Rxc7 Qd6 25. Rxb7 1-0

[Event "*** Titled Tuesday Blitz"]
[Site "Chess.com"]
[Date "2021.02.02"]
[Round "5"]
[White "A-Fier"]
[Black "wonderfultime"]
[Result "0-1"]
[WhiteElo "2856"]
[BlackElo "3022"]
[TimeControl "180+1"]
[EndTime "10:56:26 PST"]
[Termination "wonderfultime won by resignation"]

1. d4 d5 2. c4 c6 3. Nc3 Nf6 4. e3 a6 5. Qc2 Bg4 6. Nge2 e6 7. h3 Bf5 8. Qb3 b5 9. cxd5 cxd5 10. Ng3 Bg6 11. Be2 Bd6 12. O-O Qc7 13. f4 O-O 14. Bd2 b4 15. Nxd5 exd5 16. Rac1 Qe7 17. Bf3 Nbd7 18.
Bxd5 Nxd5 19. Qxd5 Nf6 20. Qf3 Ne4 21. Nxe4 Bxe4 22. Qe2 Rfe8 23. f5 Qg5 24. Qg4 Qxg4 25. hxg4 Bd5 26. Rc2 Be4 27. Rcc1 h6 28. b3 Bd5 29. Rc2 Re4 30. Rfc1 Rxg4 31. Rc8+ Rxc8 32. Rxc8+ Kh7 0-1

[Event "*** Titled Tuesday Blitz"]
[Site "Chess.com"]
[Date "2021.02.02"]
[Round "5"]
[White "canary2016"]
[Black "isla88"]
[Result "0-1"]
[WhiteElo "2021"]
[BlackElo "2309"]
[TimeControl "180+1"]
[EndTime "10:56:26 PST"]
[Termination "isla88 won by checkmate"]

1. d4 d6 2. c4 Nf6 3. Nf3 g6 4. g3 Bg7 5. Bg2 Bf5 6. O-O Ne4 7. Nc3 Nxc3 8. bxc3 Be4 9. Bb2 O-O 10. e3 c5 11.
Qe2 Nc6 12. Rfd1 Qa5 13. Nd2 Bxg2 14. Kxg2 Qa4 15. Nb3 b6 16. e4 Rfc8 17. f4 Na5 18.
Nxa5 Qxa5 19. e5 Qa4 20. exd6 exd6 21. Qe7 Qc2+ 22. Kh1 Qxb2 23. Qxd6 Qxc3 24. dxc5 Qf3+ 25. Kg1 Bxa1 26. Rxa1 Qe3+ 27. Kh1 Qxc5 28. Qd7 Qc6+ 29. Qxc6 Rxc6 30. Rd1 Rac8 31. Rd7 R8c7 32. Rd8+ Kg7 33. Rd4 Rxc4 34. Rd5 Rc2 35. Re5 Rxa2 36. Re4 Rc1+ 37.
Re1 Rxe1# 0-1

[Event "*** Titled Tuesday Blitz"]
[Site "Chess.com"]
[Date "2021.02.02"]
[Round "5"]
[White "bocah_sakit"]
[Black "juancruzarias"]
[Result "1-0"]
[WhiteElo "2819"]
[BlackElo "2583"]
[TimeControl "180+1"]
[EndTime "10:56:31 PST"]
[Termination "bocah_sakit won by checkmate"]

1. e4 e6 2. d4 d5 3. Nc3 Nf6 4. e5 Nfd7 5. f4 c5 6. Nf3 Nc6 7. Be3 cxd4 8. Nxd4 Bc5 9. Qd2 a6 10. O-O-O O-O 11. h4 Nxd4 12. Bxd4 b5 13. Ne2 Qc7 14. Qe3 b4 15. Kb1 a5 16. h5 Ba6 17. h6 g6 18.
Bxc5 Nxc5 19. Nd4 Bxf1 20. Rhxf1 Ne4 21. Rd3 a4 22. g4 Rac8 23. f5 Qxe5 24. Nf3 Qg3 25. Qd4 f6 26. fxe6 Nc5 27. e7 Rf7 28.
Qxc5 Qb8 29. Qxd5 Qc7 30. Qd8+ Rf8 31. exf8=Q# 1-0

[Event "*** Titled Tuesday Blitz"]
[Site "Chess.com"]
[Date "2021.02.02"]
[Round "5"]
[White "Zq1"]
[Black "joshdaruca"]
[Result "0-1"]
[WhiteElo "2513"]
[BlackElo "2727"]
[TimeControl "180+1"]
[EndTime "10:56:36 PST"]
[Termination "joshdaruca won by resignation"]

1. d4 Nf6 2. c4 e6 3. g3 d5 4.
Bg2 Bb4+ 5. Nd2 O-O 6. Nf3 b6 7. O-O a5 8. a3 Be7 9. b3 Bb7 10. Bb2 a4 11. b4 dxc4 12. Nxc4 Nbd7 13. Rc1 Ra7 14. b5 Qa8 15. Qd2 Rc8 16. Rfd1 Bd5 17.
Qd3 Be4 18. Qe3 c5 19. bxc6 Rxc6 20. Ne1 Bxg2 21. Nxg2 b5 22. Ne5 Rxc1 23. Rxc1 Nd5 24. Qf3 Nxe5 25. dxe5 b4 26. e4 Nb6 27. axb4 a3 28. Bd4 a2 29. Ra1 Ra3 30. Ne3 Nc4 31. b5 Nd2 32. Qd1 Nxe4 33. b6 Ng5 34. Qc2 Nf3+ 35.
Kf1 Nxd4 0-1

[Event "*** Titled Tuesday Blitz"]
[Site "Chess.com"]
[Date "2021.02.02"]
[Round "5"]
[White "anon102030"]
[Black "Paralinch"]
[Result "0-1"]
[WhiteElo "2738"]
[BlackElo "2903"]
[TimeControl "180+1"]
[EndTime "10:56:42 PST"]
[Termination "Paralinch won by resignation"]

1. e4 c5 2. Nc3 d6 3. g3 g6 4. Bg2 Bg7 5. d3 Nc6 6. Be3 Nf6 7.
h3 Rb8 8. f4 O-O 9. Nf3 b5 10. O-O b4 11. Ne2 a5 12. g4 a4 13.
Rb1 Ba6 14. b3 Na7 15. bxa4 Qa5 16. c4 bxc3 17. Qc2 Nd7 18. Rfc1 Nc6 19. a3 Rb2 20.
Rxb2 cxb2 21. Rb1 Rb8 22. Bd2 Qb6 23. Bc3 Bxd3 24. Qd1 Bxe2 0-1

[Event "*** Titled Tuesday Blitz"]
[Site "Chess.com"]
[Date "2021.02.02"]
[Round "5"]
[White "AsadliVugar"]
[Black "Kildepiotr"]
[Result "1-0"]
[WhiteElo "2848"]
[BlackElo "2587"]
[TimeControl "180+1"]
[EndTime "10:56:43 PST"]
[Termination "AsadliVugar won by resignation"]

1. e4 g6 2. d4 Bg7 3. Nc3 c6 4.
Nf3 d6 5. Be2 Nf6 6. O-O O-O 7.
a4 Nbd7 8. e5 dxe5 9. dxe5 Ng4 10. e6 Nde5 11. Nxe5 Nxe5 12. exf7+ Nxf7 13. Bc4 Qxd1 14.
Rxd1 Bf5 15. Bb3 Rfd8 16. Be3 a6 17. Bb6 Rxd1+ 18. Rxd1 Kf8 19. f3 Nd6 20. g4 Bd7 21. Ne4 Bxb2 22. Nxd6 exd6 23. Rxd6 Ke7 24. Bc5 Re8 25.
Rxg6+ Kd8 26. Rh6 b5 27. a5 Kc8 28. Rxh7 Be6 29. Ra7 Bxb3 30. Ra8+ Kd7 31. Rxe8 Kxe8 32.
cxb3 Kf7 33. Kf2 Ke6 34. Ke3 Kd5 35. b4 Bc1+ 36. Kd3 Bf4 37. h4 Bg3 38. h5 Bf4 39. Bf8 c5 40. Bxc5 1-0

[Event "*** Titled Tuesday Blitz"]
[Site "Chess.com"]
[Date "2021.02.02"]
[Round "5"]
[White "QuintilianoR"]
[Black "Savagelittlemole"]
[Result "1-0"]
[WhiteElo "2705"]
[BlackElo "2453"]
[TimeControl "180+1"]
[EndTime "10:56:43 PST"]
[Termination "QuintilianoR won by resignation"]

1. Nf3 Nf6 2. c4 g6 3. d4 Bg7 4.
Nc3 O-O 5. e4 d6 6. Be2 e5 7.
O-O Nc6 8. d5 Ne7 9. b4 a5 10.
Ba3 Nh5 11. g3 f5 12. bxa5 f4 13. Ng5 h6 14. Ne6 Bxe6 15. dxe6 Nf6 16. c5 Ne8 17. cxd6 Nxd6 18. Rb1 Rxa5 19. Bxd6 cxd6 20. Rxb7 Nc6 21.
Bc4 Kh7 22. Nd5 Re8 23. Rd7 Qg5 24. h4 Qh5 25. Nf6+ 1-0

[Event "*** Titled Tuesday Blitz"]
[Site "Chess.com"]
[Date "2021.02.02"]
[Round "5"]
[White "2nd_life"]
[Black "GregShahade"]
[Result "1/2-1/2"]
[WhiteElo "2451"]
[BlackElo "2658"]
[TimeControl "180+1"]
[EndTime "10:56:43 PST"]
[Termination "Game drawn by repetition"]

1. e4 e5 2. f4 exf4 3. Nf3 Nf6 4. Nc3 d5 5. exd5 Nxd5 6. Nxd5 Qxd5 7. d4 Bd6 8. c4 Qe4+ 9. Kf2 O-O 10. Bd3 Qc6 11.
c5 Be7 12. Bxf4 Be6 13. Re1 Bf6 14. Ne5 Bxe5 15. Bxe5 Nd7 16. Bxh7+ Kxh7 17. Qh5+ Kg8 18. Bxg7 Kxg7 19. Qg5+ Kh7 20. Qh5+ Kg7 21. Qg5+ Kh7 22.
Qh5+ Kg7 1/2-1/2

[Event "*** Titled Tuesday Blitz"]
[Site "Chess.com"]
[Date "2021.02.02"]
[Round "5"]
[White "CakeinSpace2002"]
[Black "salomez"]
[Result "1-0"]
[WhiteElo "2368"]
[BlackElo "2211"]
[TimeControl "180+1"]
[EndTime "10:56:46 PST"]
[Termination "CakeinSpace2002 won by resignation"]

1. e4 c5 2. Nf3 e6 3. d4 cxd4 4.
Nxd4 Nf6 5. Nc3 Nc6 6. Ndb5 d6 7. Bf4 e5 8. Bg5 a6 9. Na3 b5 10. Bxf6 gxf6 11. Nd5 Bg7 12. c3 f5 13. exf5 Bxf5 14.
Nc2 O-O 15. Nce3 Bg6 16. Be2 Ne7 17. O-O Nxd5 18. Nxd5 Rc8 19. a4 Rb8 20. axb5 axb5 21. Ra7 f5 22. Qb3 Kh8 23. Rfa1 f4 24. f3 e4 25. fxe4 Bxe4 26. Qd1 Bxd5 27. Qxd5 b4 28. Bd3 f3 29. Qh5 f2+ 30. Kf1 h6 31. Qg6 1-0

[Event "*** Titled Tuesday Blitz"]
[Site "Chess.com"]
[Date "2021.02.02"]
[Round "5"]
[White "Sergey85Rodchenkov"]
[Black "MarceloPlaya"]
[Result "1-0"]
[WhiteElo "2515"]
[BlackElo "2286"]
[TimeControl "180+1"]
[EndTime "10:56:52 PST"]
[Termination "Sergey85Rodchenkov won on time"]

1. e4 e6 2. d4 d5 3. Nd2 c5 4. Ngf3 Nc6 5. exd5 exd5 6. Bb5 Bd6 7. O-O Ne7 8. dxc5 Bxc5 9. Nb3 Bb6 10. c3 O-O 11. Re1 Bg4 12. Be3 Bxe3 13. Rxe3 Qd6 14. Be2 Rad8 15. h3 Bc8 16. Nfd4 Nxd4 17. Nxd4 a6 18. Bf3 Nf5 19. Nxf5 Bxf5 20. Qd4 Be6 21. Rae1 h6 22. Re5 b5 23. a3 Qc7 24. Rd1 Rfe8 25.
Re3 Qc4 26. Qd2 Rd7 27. Rd3 Red8 28. Rd4 Qb3 29. Re1 a5 30. Bd1 1-0

[Event "*** Titled Tuesday Blitz"]
[Site "Chess.com"]
[Date "2021.02.02"]
[Round "5"]
[White "WiktoriaPOL"]
[Black "HElissalt"]
[Result "0-1"]
[WhiteElo "1983"]
[BlackElo "2215"]
[TimeControl "180+1"]
[EndTime "10:56:52 PST"]
[Termination "HElissalt won by checkmate"]

1. e4 d6 2. d4 Nf6 3. Nc3 e5 4.
Be2 exd4 5. Qxd4 Nc6 6. Qd1 g6 7. Be3 Bg7 8. Qd2 Be6 9. O-O-O Ne5 10. b3 Nfg4 11. Bd4 c5 12. Bxg4 cxd4 13. Bxe6 dxc3 14. Qxd6 Qxd6 15. Rxd6 Ke7 16. Rd5 fxe6 17. Rc5 Rac8 18.
Rb5 b6 19. Ne2 Rhd8 20. f4 Ng4 21. h3 Ne3 22. g3 Rd2 23. Re1 Rxc2+ 24. Kb1 Rb2+ 25.
Kc1 Rxa2 26. Nd4 Ra1# 0-1

[Event "*** Titled Tuesday Blitz"]
[Site "Chess.com"]
[Date "2021.02.02"]
[Round "5"]
[White "ElGasanov"]
[Black "Genghis_K"]
[Result "1-0"]
[WhiteElo "2856"]
[BlackElo "2925"]
[TimeControl "180+1"]
[EndTime "10:56:54 PST"]
[Termination "ElGasanov won by resignation"]

1. d4 Nf6 2. c4 g6 3. Nc3 Bg7 4. Bg5 d6 5. e3 O-O 6. Be2 c5 7. Nf3 h6 8. Bh4 g5 9. Bg3 Nh5 10. Qc2 cxd4 11. Nxd4 Nxg3 12. hxg3 Nc6 13. Rd1 Qa5 14.
O-O Bd7 15. Nd5 Rfe8 16. a3 Rac8 17. Nf5 Bxf5 18. Qxf5 Ne5 19. Nxe7+ Rxe7 20. Qxc8+ Bf8 21. Rxd6 Rc7 22. Qe8 Kg7 23. b4 Qxa3 24. Qxe5+ 1-0

[Event "*** Titled Tuesday Blitz"]
[Site "Chess.com"]
[Date "2021.02.02"]
[Round "5"]
[White "HouseOfDurin"]
[Black "Gerryisplaying"]
[Result "0-1"]
[WhiteElo "2106"]
[BlackElo "2312"]
[TimeControl "180+1"]
[EndTime "10:56:54 PST"]
[Termination "Gerryisplaying won by checkmate"]

1. d4 d5 2. Bg5 f6 3. Bh4 Nh6 4. f3 Nf5 5. Bf2 Nc6 6. c3 Nd6 7. Nd2 Bf5 8. g4 Bg6 9. Bg2 e6 10. e4 Qd7 11. Ne2 h5 12. h3 hxg4 13. hxg4 Rxh1+ 14. Bxh1 O-O-O 15. Qa4 Kb8 16. O-O-O e5 17.
exd5 Nxd4 18. b3 Nxe2+ 19. Kb2 Qxa4 20. bxa4 Nf4 21. Bg3 Nd3+ 22. Ka1 b6 23. Nb3 Nc4 24. Bg2 Ba3 25. Nd2 Bb2+ 26. Kb1 Na3# 0-1

[Event "*** Titled Tuesday Blitz"]
[Site "Chess.com"]
[Date "2021.02.02"]
[Round "5"]
[White "mjray79"]
[Black "Kostya_Nikologorskiy"]
[Result "0-1"]
[WhiteElo "2505"]
[BlackElo "2686"]
[TimeControl "180+1"]
[EndTime "10:56:56 PST"]
[Termination "Kostya_Nikologorskiy won by checkmate"]

1. d4 d5 2. c4 dxc4 3. Nf3 c5 4. e3 cxd4 5. exd4 Be6 6. Nc3 Nf6 7. Bf4 Nc6 8. Be2 Nd5 9. Bd2 Nxc3 10. Bxc3 Bd5 11. O-O e6 12. Qa4 a6 13. Rfd1 b5 14. Qc2 Bd6 15. b3 cxb3 16. axb3 O-O 17. Ne5 Bxe5 18. dxe5 Qg5 19. f3 Nxe5 20. Kh1 Rac8 21. Qb2 Ng6 22. Bxg7 Nh4 23. g3 Nxf3 24. Bf6 Nd2+ 25.
Kg1 Qe3# 0-1

[Event "*** Titled Tuesday Blitz"]
[Site "Chess.com"]
[Date "2021.02.02"]
[Round "5"]
[White "MuhittinBuker"]
[Black "ruvat"]
[Result "0-1"]
[WhiteElo "2137"]
[BlackElo "2333"]
[TimeControl "180+1"]
[EndTime "10:56:57 PST"]
[Termination "ruvat won by resignation"]

1. d4 d6 2. c4 e5 3. Nf3 e4 4. Nfd2 f5 5. e3 Nf6 6. g3 g6 7. Bg2 Bg7 8. Nc3 O-O 9. O-O c5 10. d5 Ng4 11. Ndxe4 fxe4 12. Nxe4 Ne5 13. f4 Nxc4 14.
Ng5 Nb6 15. e4 Qe7 16. Qc2 Na6 17. a3 Nc7 18. Bd2 h6 19. Nf3 Bg4 20. Rae1 Rae8 21. Nh4 Qf7 22. h3 Bd7 23. g4 Bb5 24. Rf3 Bf6 25.
g5 hxg5 26. fxg5 Bd4+ 27. Kh1 Qh7 28. Rxf8+ Rxf8 29. Nf3 Rxf3 30. e5 0-1

[Event "*** Titled Tuesday Blitz"]
[Site "Chess.com"]
[Date "2021.02.02"]
[Round "5"]
[White "MatyChess1"]
[Black "SantoBlue"]
[Result "0-1"]
[WhiteElo "2590"]
[BlackElo "2830"]
[TimeControl "180+1"]
[EndTime "10:56:59 PST"]
[Termination "SantoBlue won on time"]

1. e4 c5 2. Nf3 Nc6 3. d4 cxd4 4. Nxd4 Nf6 5. Nc3 d6 6. Be2 e5 7.
Nf3 h6 8. O-O Be7 9. Re1 O-O 10.
Bf1 Bg4 11. h3 Bh5 12. Be2 Rc8 13. Be3 a6 14. Nh2 Bg6 15. Bf3 b5 16. Ng4 Nxg4 17. Bxg4 Rb8 18. Bf5 Bg5 19. Nd5 Bxe3 20. Rxe3 Nd4 21.
Bxg6 fxg6 22. c3 Ne6 23. a4 bxa4 24. Nb4 Qh4 25. Qc2 Nc5 26. Rd1 Rf6 27. Nd5 Rf7 28. Rd2 Rbf8 29. Nb6 Nb3 30. Rde2 Nc5 31. Nxa4 Nxa4 32.
Qxa4 Rxf2 33. Qd1 Qg5 34. Rxf2 Qxe3 0-1

[Event "*** Titled Tuesday Blitz"]
[Site "Chess.com"]
[Date "2021.02.02"]
[Round "5"]
[White "chescomhuynya"]
[Black "leoduarte"]
[Result "1-0"]
[WhiteElo "2513"]
[BlackElo "2347"]
[TimeControl "180+1"]
[EndTime "10:56:59 PST"]
[Termination "chescomhuynya won by resignation"]

1. e4 c5 2. Nf3 Nc6 3. c3 Nf6 4.
e5 Nd5 5. Bc4 Nb6 6. Bb3 d5 7.
exd6 Qxd6 8. O-O Be6 9. Bxe6 Qxe6 10. Na3 Qd7 11. Nc2 e6 12. d4 cxd4 13. Ncxd4 Nxd4 14. Nxd4 Be7 15. Qf3 O-O 16. Rd1 Rfd8 17. Be3 Qd5 18. Qg4 h5 19. Qg3 Qe4 20. Re1 h4 21. Qh3 Qg6 22.
Nf3 Qh5 23. Bd4 Nd5 24. Re4 Nf6 25. Rxh4 1-0

[Event "*** Titled Tuesday Blitz"]
[Site "Chess.com"]
[Date "2021.02.02"]
[Round "5"]
[White "Chuchofrio1"]
[Black "jens1102"]
[Result "1-0"]
[WhiteElo "2272"]
[BlackElo "2419"]
[TimeControl "180+1"]
[EndTime "10:57:01 PST"]
[Termination "Chuchofrio1 won by checkmate"]

1. e4 e5 2. Nf3 Nc6 3. Bb5 a6 4. Ba4 Nf6 5. O-O Nxe4 6. d4 b5 7. Re1 bxa4 8. Rxe4 d5 9. Re1 e4 10. Ne5 Nxe5 11. dxe5 Bc5 12. Nc3 c6 13. Nxa4 Ba7 14.
Qh5 Qd7 15. Qg5 Qf5 16. Qg3 h5 17. Be3 Bxe3 18. fxe3 Qg4 19. Qf2 h4 20. Rf1 Qg6 21. Nb6 Rb8 22. Nxc8 Rxc8 23. h3 Rc7 24. c4 dxc4 25.
Rac1 Re7 26. Rxc4 Rxe5 27. Qf4 Rg5 28. Qb8+ Ke7 29. Qc7+ Ke8 30. Rxc6 f6 31. Qc8+ Kf7 32. Rc7# 1-0

[Event "*** Titled Tuesday Blitz"]
[Site "Chess.com"]
[Date "2021.02.02"]
[Round "5"]
[White "Lion-Al-Messi"]
[Black "Guriempire"]
[Result "0-1"]
[WhiteElo "2566"]
[BlackElo "2747"]
[TimeControl "180+1"]
[EndTime "10:57:03 PST"]
[Termination "Guriempire won by resignation"]

1. e4 g6 2. d4 Bg7 3. Nc3 c6 4. Bc4 d6 5. Nf3 b5 6. Bb3 a5 7. a4 b4 8. Ne2 Ba6 9. Be3 Nf6 10. e5 Nd5 11. O-O O-O 12. Kh1 dxe5 13. dxe5 Nxe3 14.
Qxd8 Rxd8 15. fxe3 Bxe2 16. Rf2 Bxf3 17. Rxf3 e6 18.
Raf1 Ra7 19. h4 Bxe5 20. h5 Na6 21. Bc4 Nc5 22. hxg6 hxg6 23. g4 Kg7 24. Kg2 Rh8 25. Rh3 Rxh3 26. Kxh3 Bxb2 27. Rd1 Rd7 28. Rb1 Bc3 29.
Kg3 Nxa4 30. Rf1 Nc5 31. g5 a4 32. Kg4 a3 33. Ba2 Rd2 34. Rc1 Rg2+ 35. Kf4 Bb2 36. Rd1 Rxc2 37. Rd8 b3 38. Rg8+ 0-1

[Event "*** Titled Tuesday Blitz"]
[Site "Chess.com"]
[Date "2021.02.02"]
[Round "5"]
[White "Kobalia"]
[Black "MF1966Idrisov"]
[Result "1-0"]
[WhiteElo "2699"]
[BlackElo "2402"]
[TimeControl "180+1"]
[EndTime "10:57:04 PST"]
[Termination "Kobalia won by resignation"]

1. e4 d5 2. exd5 Qxd5 3. Nc3 Qd6 4. d4 a6 5. g3 Nf6 6. Bg2 Bg4 7. Nf3 e6 8. O-O Nc6 9. Bf4 Qd7 10. h3 Bxf3 11.
Qxf3 Bd6 12. d5 exd5 13. Rfe1+ Ne7 14. Bg5 O-O 15. Bxf6 gxf6 16. Rxe7 Bxe7 17. Nxd5 Bd8 18. Rd1 Qe6 19. Rd4 f5 20. Rf4 c6 21. Ne3 Bb6 22. Nxf5 Rad8 23. Qg4+ 1-0

[Event "*** Titled Tuesday Blitz"]
[Site "Chess.com"]
[Date "2021.02.02"]
[Round "5"]
[White "onetowin"]
[Black "Julianos82"]
[Result "0-1"]
[WhiteElo "2011"]
[BlackElo "2302"]
[TimeControl "180+1"]
[EndTime "10:57:05 PST"]
[Termination "Julianos82 won by checkmate"]

1. d4 d5 2. Nc3 c5 3. dxc5 d4 4.
Ne4 Nc6 5. e3 e5 6. Nf3 Nf6 7.
Nxf6+ Qxf6 8. exd4 exd4 9. Bg5 Qg6 10. Bd3 Bf5 11. O-O Bxd3 12. cxd3 Bxc5 13. Re1+ Kd7 14. Qa4 f6 15. Rac1 Bd6 16. Bh4 Rae8 17. Rxe8 Rxe8 18. Nxd4 Qg4 19. Rxc6 Re1# 0-1

[Event "*** Titled Tuesday Blitz"]
[Site "Chess.com"]
[Date "2021.02.02"]
[Round "5"]
[White "ClauSanLuis"]
[Black "NovikovaGalina"]
[Result "1-0"]
[WhiteElo "2182"]
[BlackElo "2250"]
[TimeControl "180+1"]
[EndTime "10:57:07 PST"]
[Termination "ClauSanLuis won by resignation"]

1. d4 d5 2. Bg5 Nc6 3. e3 Bf5 4. Bb5 h6 5. Bxc6+ bxc6 6. Bh4 Nf6 7.
Bxf6 exf6 8. Nd2 Rb8 9. Nb3 a5 10. a4 Rxb3 11. cxb3 Bb4+ 12. Kf1 O-O 13. g3 Be4 14. f3 Bg6 15. Kg2 Re8 16. Qc1 c5 17. Ne2 cxd4 18. Nxd4 c5 19. Nc6 Qd6 20. Nxb4 axb4 21. Rd1 Qe5 22. Qd2 Rd8 23. a5 d4 24.
exd4 Rxd4 25. Qf2 Rxd1 26. Rxd1 c4 27. bxc4 Qxa5 28. c5 b3 29. c6 Bc2 30. Rd7 Qb5 31.
Rd8+ Kh7 32. c7 1-0

[Event "*** Titled Tuesday Blitz"]
[Site "Chess.com"]
[Date "2021.02.02"]
[Round "5"]
[White "Aikiigm"]
[Black "korkmaz16"]
[Result "1-0"]
[WhiteElo "2580"]
[BlackElo "2406"]
[TimeControl "180+1"]
[EndTime "10:57:09 PST"]
[Termination "Aikiigm won by resignation"]

1. d4 d5 2. Nf3 Nf6 3. c4 e6 4. Bg5 Be7 5. Nbd2 O-O 6. e3 h6 7. Bxf6 Bxf6 8. b4 c6 9. Bd3 Nd7 10. O-O Qe7 11. Rb1 dxc4 12. Nxc4 e5 13. Qc2 Re8 14.
Bh7+ Kh8 15. Bf5 exd4 16. exd4 Nb6 17. Rfe1 Bxf5 18. Qxf5 Qc7 19. Nce5 Kg8 20. h3 Rad8 21. a3 Nd5 22. Ng4 Kf8 23. Rbc1 Kg8 24. Nfe5 Bxe5 25.
dxe5 Qd7 26. Qf3 Qe6 27. Re4 Ne7 28. Rce1 Rd5 29. Nf6+ gxf6 30. exf6 Qf5 31. Qg3+ Qg6 32. Rxe7 Rf8 33. Qxg6+ fxg6 34. Rg7+ Kh8 35. Rxg6 Rg5 36. Rxg5 hxg5 37. Re7 Rxf6 38. Rxb7 Rd6 39. Rxa7 Rd1+ 40. Kh2 Rd2 41. f3 1-0

[Event "*** Titled Tuesday Blitz"]
[Site "Chess.com"]
[Date "2021.02.02"]
[Round "5"]
[White "JiiHart"]
[Black "LisikValera"]
[Result "0-1"]
[WhiteElo "2124"]
[BlackElo "2473"]
[TimeControl "180+1"]
[EndTime "10:57:09 PST"]
[Termination "LisikValera won by resignation"]

1. e4 e6 2. d4 d5 3. Nc3 Bb4 4. e5 Ne7 5. a3 Bxc3+ 6. bxc3 c5 7. Qg4 O-O 8. Bd3 f5 9. exf6 Rxf6 10. Qg3 Nbc6 11.
Bg5 Rf7 12. Ne2 c4 13. Bxh7+ Kxh7 14. Qh4+ Kg8 15. Nf4 Qf8 16. O-O e5 17. dxe5 Nxe5 18. Bxe7 Qxe7 19. Qxe7 Rxe7 20. Nxd5 Rd7 21. Rad1 Kf7 22. h3 Nc6 23. f4 b6 24. Rfe1 Bb7 25.
g4 Rad8 26. Ne3 Rxd1 27. Rxd1 Rxd1+ 28. Nxd1 Ne7 29. Kf2 Nd5 30. Kg3 Nc7 31. h4 Nb5 32. a4 Na3 33. Ne3 Bc6 34. Nxc4 Nxc4 35. g5 Bxa4 0-1

[Event "*** Titled Tuesday Blitz"]
[Site "Chess.com"]
[Date "2021.02.02"]
[Round "5"]
[White "Ze-Pequeno"]
[Black "Leo_C"]
[Result "1-0"]
[WhiteElo "2232"]
[BlackElo "2393"]
[TimeControl "180+1"]
[EndTime "10:57:11 PST"]
[Termination "Ze-Pequeno won by resignation"]

1. e4 c6 2. b3 d5 3. Bb2 dxe4 4. Nc3 Bf5 5. Nge2 Nf6 6. Ng3 Bg4 7. f3 exf3 8. gxf3 Be6 9. Qe2 g6 10. O-O-O Bg7 11. h4 h5 12. Rg1 Nbd7 13. Nce4 Qb6 14.
d4 Nxe4 15. Nxe4 Bf5 16. Nd6+ Kf8 17. Nxf5 gxf5 18. Rxg7 Kxg7 19. Qxe7 Nf6 20. Bd3 Rae8 21. Rg1+ Ng4 22. d5+ Kg8 23. Qxe8+ 1-0

[Event "*** Titled Tuesday Blitz"]
[Site "Chess.com"]
[Date "2021.02.02"]
[Round "5"]
[White "Vesper2018"]
[Black "Moon_stone123"]
[Result "1-0"]
[WhiteElo "2607"]
[BlackElo "2433"]
[TimeControl "180+1"]
[EndTime "10:57:12 PST"]
[Termination "Vesper2018 won by resignation"]

1. e4 c6 2. Nf3 d5 3. exd5 cxd5 4. d4 Nf6 5. Ne5 Nc6 6. c3 g6 7. Bd3 Bg7 8. Nd2 O-O 9. f4 Nd7 10. O-O f6 11. Nxc6 bxc6 12. f5 gxf5 13. Bxf5 Nb6 14. Qh5 Bxf5 15. Qxf5 Qd7 16. Qh5 e5 17. Nb3 Qf7 18.
Qh3 e4 19. Nc5 Nc4 20. Nd7 Rfd8 21. Nc5 Rf8 22. b3 Nd6 23. Bf4 Nb5 24. a4 Nc7 25. Bxc7 Qxc7 26. Ne6 Qd6 27. Nxf8 Rxf8 28. Qf5 Rb8 29.
b4 Bh6 30. Qxf6 1-0

[Event "*** Titled Tuesday Blitz"]
[Site "Chess.com"]
[Date "2021.02.02"]
[Round "5"]
[White "Milchone1"]
[Black "ajdemipopushi"]
[Result "1-0"]
[WhiteElo "2510"]
[BlackElo "2328"]
[TimeControl "180+1"]
[EndTime "10:57:15 PST"]
[Termination "Milchone1 won by resignation"]

1. Nf3 c5 2. c3 Nf6 3. d4 b6 4. Bf4 Bb7 5. e3 g6 6. h3 Bg7 7. Nbd2 O-O 8. Bd3 cxd4 9. exd4 d6 10. O-O Nbd7 11. Bh2 e5 12. Re1 Re8 13. dxe5 Nxe5 14.
Bb5 Nxf3+ 15. Nxf3 Rxe1+ 16. Nxe1 d5 17. Nf3 Ne4 18. Qd3 a6 19. Ba4 Nc5 20. Qd1 Nxa4 21. Qxa4 b5 22. Qf4 a5 23. Rd1 Qf8 24. Qc7 Qc8 25.
Qb6 b4 26. cxb4 axb4 27. Qxb4 Rxa2 28. Be5 Bf8 29. Qf4 Qc2 30. Rc1 Qe2 31. Qf6 1-0

[Event "*** Titled Tuesday Blitz"]
[Site "Chess.com"]
[Date "2021.02.02"]
[Round "5"]
[White "Yashasd1995"]
[Black "RD4ever"]
[Result "0-1"]
[WhiteElo "2632"]
[BlackElo "2859"]
[TimeControl "180+1"]
[EndTime "10:57:19 PST"]
[Termination "RD4ever won by resignation"]

1. b3 e5 2. Bb2 Nc6 3. e3 Nf6 4. Bb5 Bd6 5. Na3 e4 6. Be2 O-O 7. Nb5 Be5 8. Bxe5 Nxe5 9. d4 Ng6 10. c4 d5 11. cxd5 Nxd5 12. Qd2 Nge7 13. Bc4 c6 14.
Nc3 Nxc3 15. Qxc3 b5 16. Be2 Be6 17. Rc1 Nd5 18. Qd2 Qd6 19. Rc5 a5 20. Nh3 Bxh3 21.
gxh3 f5 22. Rg1 Qxh2 23. Rg3 f4 24. exf4 Rxf4 25. Bf1 e3 26. Rxe3 Nxe3 27. Qxe3 Raf8 28. Rxc6 Rxf2 29. Be2 Qh1+ 0-1